 Dungeon Crawl Stone Soup version 0.22.1-2-g9c5b331383 (webtiles) character file.

58 McIrco the Shield-Bearer (level 4, -1/35 HPs)
             Began as a Formicid Fighter on Jan 5, 2019.
             Slain by a gnoll
             ... wielding a +0 spear of venom
              (3 damage)
             ... on level 3 of the Dungeon.
             The game lasted 00:03:21 (1409 turns).

McIrco the Shield-Bearer (Formicid Fighter)         Turns: 1409, Time: 00:03:21

Health: -1/35      AC:  8    Str: 21    XL:     4   Next: 21%
Magic:  4/4        EV:  8    Int: 13    God:
Gold:   83         SH: 10    Dex: 10    Spells: 3/3 levels left

rFire    . . .     SeeInvis +   a - +0 long sword
rCold    . . .     Gourm    .   c - +0 shield
rNeg     . . .     Faith    .   b - +0 scale mail
rPois    .         Spirit   .   (helmet unavailable)
rElec    .         Reflect  .   (no cloak)
rCorr    .         Harm     .   (no gloves)
MR       .....                  e - +0 pair of boots
Stlth    ..........             (no amulet)
HPRegen  0.11/turn              (no ring)
MPRegen  0.09/turn              n - ring of flight

@: brilliant, lethally poisoned (-1 -> -20)
A: permanent stasis, dig shafts and tunnels, four strong arms, antennae 3
a: Dig, Shaft Self, Evoke Flight


You were on level 3 of the Dungeon.
You were near starving.

You visited 1 branch of the dungeon, and saw 3 of its levels.

You collected 83 gold pieces.

Inventory:

Hand Weapons
 a - a +0 long sword (weapon)
Armour
 b - a +0 scale mail (worn)
 c - a +0 shield (worn)
 e - a +0 pair of boots (worn)
Jewellery
 n - a ring of flight (right hand)
Scrolls
 g - a scroll of identify
 l - 2 scrolls of fog {unknown}
 m - a scroll of remove curse
Potions
 h - a potion of lignification {unknown}
 i - a potion of flight {unknown}
 j - 2 potions of curing
 k - a potion of haste {unknown}
 o - a potion of heal wounds {unknown}
Comestibles
 f - 8 rations


   Skills:
 - Level 3.2 Fighting
 - Level 2.0 Long Blades
 + Level 3.9 Armour
 * Level 5.3 Shields


You had 3 spell levels left.
You didn't know any spells.
Your spell library was empty.

Dungeon Overview and Level Annotations

Branches:
Dungeon (3/15)

Altars:


Innate Abilities, Weirdness & Mutations

You cannot be hasted, slowed, berserked, paralysed or teleported.
You can dig through walls and to a lower floor.
Your four strong arms can wield two-handed weapons with a shield.
You have a pair of large antennae on your head. (SInv)


Message History

The gnoll barely misses you.
You barely miss the goblin.
* * * LOW HITPOINT WARNING * * *
You feel sick.
The gnoll hits you from afar with a spear of venom.
* * * LOW HITPOINT WARNING * * *
You block the goblin's attack.
Unknown command.
You barely miss the goblin.
* * * LOW HITPOINT WARNING * * *
You feel sick. The gnoll hits you but does no damage.
You are more poisoned.
The goblin barely misses you.
You riposte.
You closely miss the goblin. The gnoll closely misses you.
You slash the goblin!
You kill the goblin!
* * * LOW HITPOINT WARNING * * *
You feel sick.
The gnoll hits you from afar with a spear of venom.
You die...

.#.#. ....
##..# ...#
#..# #g.#
#?.# #####g.#
#..@)()#
#.####.# # #
#>####.#
#.####.#....#
#........#.##
######.#.#..#
#.#.#..# #
#.#....#.#. #
###
#.#........


You could see a gnoll.

Vanquished Creatures
  2 gnolls (D:3)
  A worm (D:2)
  A dart slug (D:1)
  A giant cockroach (D:1)
  5 goblins
  2 hobgoblins (D:1)
  7 jackals
  A bat (D:2)
  5 frilled lizards
  7 kobolds
  4 rats
36 creatures vanquished.

Notes
Turn   | Place    | Note
-------+----------+-------------------------------------------
     0 | D:1      | McIrco the Formicid Fighter began the quest for the Orb.
     0 | D:1      | Reached XP level 1. HP: 18/18 MP: 1/1
    76 | D:1      | Reached skill level 4 in Shields
    79 | D:1      | Reached XP level 2. HP: 24/24 MP: 2/2
   255 | D:1      | Reached XP level 3. HP: 16/29 MP: 3/3
   767 | D:2      | Found a faded altar of an unknown god.
  1395 | D:3      | Reached skill level 5 in Shields
  1406 | D:3      | Reached XP level 4. HP: 10/35 MP: 4/4
  1409 | D:3      | Slain by a gnoll

Skill      XL: |  1  2  3 |
---------------+----------+-----
Shields        | 4 5 |  5.3
Fighting       | |  3.2
Long Blades    | |  2.0
Armour         | |  3.9

Action                   |  1- 3 |  4- 6 || total
-------------------------+-------+-------++-------
Melee: Long sword        |   117 |     3 ||   120
  Use: Scroll            |     2 |       ||     2
       Potion            |     2 |       ||     2
Armor: Scale mail        |    67 |     1 ||    68
Dodge: Dodged            |    52 |     3 ||    55
Block: Shield            |    84 |     1 ||    85
       Rpst.: Long sword |    14 |     1 ||    15
